 Dungeon Crawl Stone Soup version 0.28.0-45-g0d030f2227 (webtiles) character file.

Game seed: 3944191605505381563

154422 Icepheonix32 the Champion of Chaos (level 17, -8/135 (137) HPs)
             Began as a Demonspawn Fighter on Apr 15, 2022.
             Was the Champion of Makhleb.
             Killed by drain life
             ... invoked by a soul eater
              (19 damage)
             ... on level 4 of the Swamp.
             The game lasted 00:58:23 (27100 turns).

Icepheonix32 the Champion of Chaos (DsFi)          Turns: 27100, Time: 00:58:24

HP:   -8/135 (137)  AC: 27    Str: 33    XL:     17   Next: 6%
MP:   0/38          EV: 14    Int: 11    God:    Makhleb [******]
Gold: 1848          SH:  0    Dex: 12    Spells: 16/16 levels left

rFire   . . .      SeeInvis +   m - +9 trident (vamp)
rCold   . . .      Faith    +   (no shield)
rNeg    . . .      Spirit   +   C - +3 ring mail of Inquiry {Regen+}
rPois   +          Reflect  .   (helmet restricted)
rElec   .          Harm     .   e - +2 cloak {rPois}
rCorr   .          Rampage  +   (gloves unavailable)
Will    +....      Rage     1%  i - +0 pair of boots
Stlth   ++........              Y - amulet of Onau {Faith Rampage Str+3 SInv}
HPRegen 1.12/turn               N - +6 ring of strength
MPRegen 0.52/turn               A - ring of magical power

@: mighty, sanguine armoured, on berserk cooldown, slowed, studying Shields,
lightly drained, very slow
A: claws 3, spiny 3, magic shield, magic regeneration, sanguine armour 3, beak,
hooves 1, berserk 1
a: Renounce Religion, Minor Destruction, Lesser Servant of Makhleb, Major
Destruction, Greater Servant of Makhleb


You were on level 4 of the Swamp.
You worshipped Makhleb.
Makhleb was exalted by your worship.
You visited 5 branches of the dungeon, and saw 28 of its levels.
You also visited: Bailey and Ice Cave.

You collected 3097 gold pieces.
You spent 1249 gold pieces at shops.

Inventory:

Hand Weapons
 m - a +9 vampiric trident (weapon)
 S - the +8 storm bow {elec, penet}
   (You bought it in a shop on level 2 of the Orcish Mines)

   Any ammunition fired from it occasionally discharges a powerful burst of
   electricity upon striking a foe.
   Any ammunition fired by it passes through the targets it hits, potentially
   hitting all targets in its path until it reaches maximum range.
Missiles
 g - 5 curare-tipped darts (quivered)
 p - 596 arrows
 F - 2 throwing nets
 G - 14 boomerangs
Armour
 b - +0 acid dragon scales
 c - a +2 buckler
 e - a +2 cloak of poison resistance (worn)
 i - a +0 pair of boots (worn)
 C - the +3 ring mail of Inquiry (worn) {Regen+}
   (You found it on level 4 of the Dungeon)

   Regen:     It increases your rate of health regeneration.
 X - +0 ice dragon scales
Jewellery
 h - a +6 ring of strength
 r - a ring of protection from fire
 A - a ring of magical power (right claw)
 D - a ring of wizardry
 K - the ring "Olewys" {AC+4 Int+6}
   (You found it on level 7 of the Dungeon)

   [ring of protection]

   AC:        It affects your AC (+4).
   Int:       It affects your intelligence (+6).
 N - a +6 ring of strength (left claw)
 V - a ring of willpower
 Y - the amulet of Onau (around neck) {Faith Rampage Str+3 SInv}
   (You found it in an ice cave)

   [amulet of faith]

   It allows you to gain divine favour quickly.
   Str:       It affects your strength (+3).
   SInv:      It lets you see invisible.
   Rampage:   It bestows one free step when moving towards enemies.
Wands
 u - a wand of iceblast (24)
 x - a wand of mindburst (19)
 J - a wand of flame (107)
 P - a wand of digging (10)
 U - a wand of charming (9)
Scrolls
 n - 11 scrolls of teleportation
 s - 4 scrolls of fear
 t - 5 scrolls of enchant weapon
 v - 5 scrolls of blinking
 w - 2 scrolls of fog
 y - 2 scrolls of holy word
 E - 7 scrolls of amnesia
 L - 9 scrolls of identify
 O - 2 scrolls of summoning
 R - 3 scrolls of enchant armour
 T - 2 scrolls of brand weapon
 W - 2 scrolls of torment
 Z - a scroll of magic mapping
Potions
 a - 2 potions of cancellation
 d - a potion of might
 f - 5 potions of mutation
 j - 5 potions of brilliance
 k - 4 potions of curing
 l - 2 potions of ambrosia
 o - 4 potions of flight
 q - 4 potions of heal wounds
 z - 7 potions of attraction
 B - 2 potions of resistance
 I - 11 potions of haste
 M - a potion of invisibility
 Q - 2 potions of magic
Miscellaneous
 H - a phial of floods (inert)


   Skills:
 + Level 13.2 Fighting
 - Level 2.8(10.1) Axes
 + Level 14.9(15.0) Polearms
 * Level 9.2 Bows
 + Level 1.2 Throwing
 + Level 10.1 Armour
 + Level 8.9 Dodging
 + Level 4.5 Stealth
 - Level 11.3 Shields
 + Level 5.2 Unarmed Combat
 * Level 16.0 Invocations
 + Level 0.4 Evocations


You had 16 spell levels left.
You didn't know any spells.
Your spell library contained the following spells:

 Spells                   Type           Power      Damage    Failure   Level
 Beastly Appendage        Tmut           0%         N/A       41%         1
 Slow                     Hex            0%         N/A       41%         1
 Sting                    Tmut/Pois      0%         1d3       41%         1
 Corpse Rot               Necr/Air       0%         N/A       56%         2
 Passwall                 Tmut/Erth      0%         N/A       56%         2
 Poisonous Vapours        Pois/Air       0%         N/A       56%         2
 Static Discharge         Conj/Air       0%         N/A       56%         2
 Sublimation of Blood     Necr           0%         N/A       56%         2
 Wereblood                Tmut           0%         N/A       56%         2
 Call Canine Familiar     Summ           0%         N/A       80%         3
 Confusing Touch          Hex            0%         N/A       80%         3
 Gell's Gravitas          Tloc           0%         N/A       80%         3
 Ignite Poison            Fire/Tmut/Pois 0%         N/A       80%         3
 Inner Flame              Hex/Fire       0%         N/A       80%         3
 Lesser Beckoning         Tloc           0%         N/A       80%         3
 Portal Projectile        Hex/Tloc       0%         N/A       80%         3
 Spider Form              Tmut/Pois      0%         N/A       80%         3
 Teleport Other           Tloc           0%         N/A       80%         3
 Tukima's Dance           Hex            0%         N/A       80%         3
 Vampiric Draining        Necr           0%         2d6       80%         3
 Dispel Undead            Necr           0%         3d6       99%         4
 Fulminant Prism          Conj/Hex       0%         3d6       99%         4
 Iskenderun's Mystic Bla  Conj/Tloc      0%         2d3       99%         4
 Leda's Liquefaction      Hex/Erth       0%         N/A       99%         4
 Olgreb's Toxic Radiance  Pois           0%         N/A       99%         4
 Passage of Golubria      Tloc           0%         N/A       99%         4
 Alistair's Intoxication  Tmut/Pois      0%         N/A       100%        5
 Freezing Cloud           Conj/Ice/Air   0%         6-21      100%        5
 Lee's Rapid Deconstruct  Erth           0%         3d5*      100%        5
 Lightning Bolt           Conj/Air       0%         1d11      100%        5
 Manifold Assault         Tloc           0%         N/A       100%        5
 Yara's Violent Unravell  Hex/Tmut       0%         3d3       100%        5
 Death Channel            Necr           0%         N/A       100%        6
 Dispersal                Tloc           0%         N/A       100%        6
 Simulacrum               Ice/Necr       0%         N/A       100%        6
 Statue Form              Tmut/Erth      0%         N/A       100%        6
 Ozocubu's Refrigeration  Ice            0%         4d5       100%        7
 Summon Hydra             Summ           0%         N/A       100%        7
 Ignition                 Fire           0%         3d3       100%        8
 Maxwell's Capacitive Co  Air            0%         ∞         100%        8
 Polar Vortex             Ice            0%         N/A       100%        9


Dungeon Overview and Level Annotations

Branches:
Dungeon (15/15)            Temple (1/1) D:7            Lair (6/6) D:10
  Swamp (4/4) Lair:3        Snake (0/4) Lair:2        Slime (0/5) Lair:5
    Orc (2/2) D:12            Elf (0/3) Orc:2        Vaults (0/5) D:14
 Depths (0/4) D:15         Bailey (visited)           IceCv (visited)

Altars:
Ashenzari
Cheibriados
Dithmenos
Elyvilon
Fedhas
Gozag
Hepliaklqana
Kikubaaqudgha
Makhleb
Nemelex Xobeh
Okawaru
Qazlal
Ru
Sif Muna
Trog
Uskayaw
Vehumet
Wu Jian
Xom
Yredelemnul
Zin
The Shining One
Beogh
Jiyva

Shops:
D:2 :   D:5 ?   Orc:1 :   Orc:2 ?*((

Portals:
Trove: D:14 (give 7 potions of haste)

Annotations:
D:3 3 runed translucent doors, Gregoryblaze's ghost, amateur GrVM


Innate Abilities, Weirdness & Mutations

You have claws for hands.
You are completely covered in sharp spines.
When hurt, damage is shared between your health and your magic reserves.
You regenerate magic rapidly.
When seriously injured, your blood forms very thick armour. (AC +12)
You have a beak for a mouth.
You have large cloven feet.
You tend to lose your temper in combat.


Message History

The soul eater is struck by your spines.
The soul eater hits you!
You feel drained.
The four-headed hydra barely misses you.
The four-headed hydra closely misses you.
The four-headed hydra bites you!! The four-headed hydra bites you.
* * * LOW HITPOINT WARNING * * *
You hear a hideous shriek!
You barely miss the soul eater. You peck the soul eater!
The soul eater is severely wounded.
The soul eater hits you but does no damage.
The four-headed hydra is struck by your spines.
The four-headed hydra barely misses you.
The four-headed hydra bites you!
* * * LOW HITPOINT WARNING * * *
The four-headed hydra bites you but does no damage.
The four-headed hydra bites you!!
* * * LOW HITPOINT WARNING * * *
Unknown command.
Unknown command.
You feel much better.
A bunyip comes into view.
The soul eater draws from the surrounding life force!
* * * LOW HITPOINT WARNING * * *
The soul eater is healed.
The swamp worm is struck by your spines.
The swamp worm bites you.
* * * LOW HITPOINT WARNING * * *
The four-headed hydra is struck by your spines.
The four-headed hydra bites you but does no damage. x2
The four-headed hydra misses you.
The four-headed hydra bites you but does no damage.
The bunyip howls a warning cry!
You hear a shout!
You hear two shouts!
You hear a shout! x2
You impale the four-headed hydra!!
The four-headed hydra is severely wounded.
The bunyip closely misses you. The bunyip claws you!
* * * LOW HITPOINT WARNING * * *
The bunyip barely misses you.
The soul eater draws from the surrounding life force!
You die...

≈≈≈.§≈..<≈..≈≈≈).
≈≈♣.≈§≈≈≈..§≈≈≈≈≈
≈≈≈♣<≈§≈≈≈≈≈≈.≈≈≈. ####
..♣♣.≈≈≈.≈≈≈≈≈≈≈≈≈ #≈≈(♣
..♣♣♣....≈≈§≈≈≈≈###♣≈.(♣♣
...♣♣♣...<≈≈≈.≈##≈ .).≈.♣
..≈♣ ♣≈.[≈≈≈..##≈##4≈≈≈.♣
♣≈♣♣ ♣♣♣.≈≈..##≈w#R## ♣♣♣
♣♣.≈≈≈#≈.@3#3## .♣
♣♣..≈##.xD≈#≈.## ♣♣
♣≈≈.≈#♣≈.≈≈##pi# ♣
♣♣..)#x.≈.§♣#3≈.♣
♣≈.#≈≈≈≈≈≈.##♣Ro.
♣(.#≈..♣.≈≈.# ≈..i.
♣♣≈#≈≈≈.≈≈≈## ≈...≈♣
♣♣#≈≈≈≈♣### .≈8.≈♣ #≈≈♣##
.≈♣.≈.#


You could see 2 bunyips, an eleionoma, a four-headed hydra (strong), a soul
eater, an orange demon and a swamp worm.

Vanquished Creatures
  Nikola (Swamp:1)
  Agnes (D:14)
  A thorn hunter (Swamp:4)
  3 fenstrider witches
  Roxanne (Swamp:4)
  A frost giant (IceCv)
  A ghoul (Swamp:4)
  A stone giant (D:15)
  Nessos (D:14)
  2 eleionomae
  2 bunyips
  Snorg (Lair:4)
  A blizzard demon (Swamp:4)
  Josephine (D:14)
  2 ettins
  An ice dragon (Lair:6)
  Fannar (D:11)
  Harold (D:11)
  2 ogre magi (Swamp:4)
  3 boulder beetles
  A catoblepas (Lair:2)
  7 centaur warriors
  A death knight (D:11)
  A spriggan air mage (Swamp:4)
  23 hydras
  A ghost crab (Swamp:2)
  11 alligators
  5 death yaks (IceCv)
  3 two-headed ogres
  5 tengu warriors (D:15)
  5 orc high priests (Orc:2)
  A soul eater (Swamp:4)
  Nergalle (Orc:1)
  Sonja (Lair:3)
  2 spriggan druids
  10 goliath frogs
  3 swamp dragons
  3 bog bodies
  A phantasmal warrior (D:14)
  6 orc knights
  An oklob plant (Orc:1)
  8 ugly things
  A wolf spider (Lair:6)
  5 cyclopes
  2 deep elf zephyrmancers (Swamp:4)
  An orc sorcerer (Swamp:4)
  A will-o-the-wisp (Swamp:3)
  4 manticores
  Maurice (D:11)
  A centaur zombie (D:11)
  An ice statue (IceCv)
  7 elephants
  7 black mambas
  A guardian serpent (Lair:6)
  A gargoyle (D:12)
  3 efreet
  Maggie (D:6)
  10 komodo dragons
  An orange demon (Swamp:4)
  2 torpor snails
  13 cane toads
  An unseen horror (D:13)
  A rime drake (shapeshifter) (D:14)
  4 rime drakes
  A freezing wraith (D:10)
  12 polar bears
  5 trolls
  A bloated husk (Swamp:3)
  2 queen bees (shapeshifter) (D:14)
  A meliai (shapeshifter) (D:13)
  11 tyrant leeches
  8 slime creatures
  4 dream sheep (Lair:6)
  10 hornets
  17 blink frogs
  8 spriggans
  A centaur simulacrum (D:15)
  97 yaks
  Sigmund (D:4)
  4 basilisks
  10 wyverns
  A shadow (D:13)
  5 humans (D:8)
  A yak (shapeshifter) (D:15)
  A human (shapeshifter) (D:10)
  3 chaos spawn (Swamp:4)
  7 wraiths
  3 redbacks (Lair:6)
  21 vampire mosquitoes
  2 nagas (Lair:2)
  9 wargs
  17 swamp worms
  2 acid dragons
  20 water moccasins
  A hornet zombie (D:3)
  A swamp drake (Swamp:2)
  2 black bears (D:6)
  3 sky beasts
  51 orc warriors
  A black bear (shapeshifter) (D:13)
  3 ice beasts
  6 ogres
  39 wolves
  18 centaurs
  2 phantoms
  2 kobold brigands
  6 bullfrogs
  A gnoll sergeant (D:10)
  A wyvern zombie (D:8)
  2 scorpions
  10 wights
  3 howler monkeys (D:9)
  8 crimson imps (D:7)
  26 orc priests
  2 bullfrog zombies
  5 hounds
  2 gnoll shamans
  A jelly (D:5)
  Ijyb (D:3)
  6 iguanas
  14 orc wizards
  6 hell rats (Lair:6)
  A killer bee zombie (D:7)
  A howler monkey zombie (D:9)
  Robin (D:2)
  A howler monkey skeleton (D:7)
  16 gnolls
  7 adders
  2 white imps
  An adder skeleton (D:4)
  7 worms (D:2)
  4 dart slugs
  76 orcs
  6 bats
  7 endoplasms
  3 giant cockroaches (D:1)
  15 goblins
  8 hobgoblins
  7 jackals (D:3)
  10 quokkas
  5 ball pythons
  4 frilled lizards
  11 kobolds
  5 rats
903 creatures vanquished.

Vanquished Creatures (collateral kills)
  An orc knight (Orc:2)
1 creature vanquished.

Vanquished Creatures (others)
  A bloated husk (Swamp:1)
  10 foxfires (Swamp:3)
  21 fungi
  56 plants
88 creatures vanquished.

Grand Total: 992 creatures vanquished

Notes
Turn   | Place    | Note
-------+----------+-------------------------------------------
     0 | D:1      | Icepheonix32 the Demonspawn Fighter began the quest for the
                  | Orb.
     0 | D:1      | Reached XP level 1. HP: 18/18 MP: 1/1
   312 | D:1      | Gained mutation: You regenerate magic rapidly. [demonic
                  | ancestry]
   312 | D:1      | Reached XP level 2. HP: 20/24 MP: 2/2
  1102 | D:2      | Found a faded altar of an unknown god.
  1107 | D:2      | Gained mutation: You are partially covered in sharp spines.
                  | [demonic ancestry]
  1107 | D:2      | Reached XP level 3. HP: 29/29 MP: 3/3
  1559 | D:2      | Gained mutation: When seriously injured, your blood forms
                  | armour. (AC +12) [demonic ancestry]
  1559 | D:2      | Reached XP level 4. HP: 35/35 MP: 4/4
  1580 | D:2      | Noticed Robin
  1598 | D:2      | Killed Robin
  1625 | D:2      | Found Bygic's Book Shop.
  1734 | D:2      | Reached skill level 1 in Polearms
  2231 | D:3      | Gained mutation: When hurt, damage is shared between your
                  | health and your magic reserves. [demonic ancestry]
  2231 | D:3      | Reached XP level 5. HP: 41/41 MP: 5/5
  2359 | D:3      | Reached skill level 1 in Dodging
  2638 | D:3      | Gained mutation: You are mostly covered in sharp spines.
                  | [demonic ancestry]
  2638 | D:3      | Reached XP level 6. HP: 48/48 MP: 4/6
  2645 | D:3      | Noticed Ijyb
  2653 | D:3      | Killed Ijyb
  3204 | D:3      | Noticed Gregoryblaze's ghost (amateur GrVM)
  3205 | D:3      | Found a runed translucent gate.
  3205 | D:3      | Found a runed translucent gate.
  3207 | D:3      | Found a runed translucent gate.
  3513 | D:4      | Identified the +3 ring mail of Inquiry {Regen+}
  3578 | D:4      | Reached XP level 7. HP: 47/54 MP: 7/7
  3781 | D:4      | Noticed Sigmund
  3795 | D:4      | Killed Sigmund
  3881 | D:5      | Entered Level 5 of the Dungeon
  4086 | D:5      | Reached skill level 5 in Armour
  4188 | D:5      | Found Vaqom's Magic Scroll Boutique.
  4198 | D:5      | Bought a scroll of enchant weapon for 97 gold pieces
  4198 | D:5      | Bought a scroll of magic mapping for 45 gold pieces
  4198 | D:5      | Bought a scroll of identify for 26 gold pieces
  4505 | D:6      | Reached XP level 8. HP: 61/61 MP: 8/8
  4627 | D:6      | Noticed Maggie
  4652 | D:6      | Killed Maggie
  4653 | D:6      | Reached skill level 5 in Fighting
  4653 | D:6      | Reached skill level 5 in Polearms
  5180 | D:6      | Reached skill level 1 in Stealth
  5371 | D:7      | Reached XP level 9. HP: 56/68 MP: 9/9
  5389 | D:7      | Noticed a two-headed ogre
  5398 | D:7      | Killed a two-headed ogre
  5551 | D:7      | Identified the ring "Olewys" {AC+4 Int+6}
  5730 | D:7      | Found a staircase to the Ecumenical Temple.
  5970 | Temple   | Entered the Ecumenical Temple
  6168 | Temple   | Became a worshipper of Makhleb the Destroyer
  6270 | D:8      | Reached skill level 1 in Invocations
  6368 | D:8      | Reached skill level 2 in Invocations
  6394 | D:8      | Gained mutation: You have sharp fingernails. [demonic
                  | ancestry]
  6394 | D:8      | Reached XP level 10. HP: 76/76 MP: 12/12
  6568 | D:8      | Reached skill level 3 in Invocations
  6731 | D:9      | Identified a scroll of acquirement
  6733 | D:9      | Acquired a manual of Shields
  6773 | D:9      | Found a flagged portal.
  6812 | Bailey   | Entered a bailey
  6838 | Bailey   | Reached skill level 1 in Unarmed Combat
  6870 | Bailey   | Reached * piety under Makhleb
  6960 | Bailey   | Noticed an orc knight
  6978 | Bailey   | Gained mutation: Your movements are slightly less
                  | encumbered by armour. (ER -2) [potion of mutation]
  6978 | Bailey   | Gained mutation: Your body sometimes deteriorates upon
                  | taking damage. [potion of mutation]
  6978 | Bailey   | Gained mutation: You have large cloven feet. [potion of
                  | mutation]
  6978 | Bailey   | Gained mutation: You have a beak for a mouth. [potion of
                  | mutation]
  7000 | Bailey   | Killed an orc knight
  7001 | Bailey   | Reached skill level 4 in Invocations
  7221 | D:9      | Noticed a centaur warrior
  7233 | D:9      | Killed a centaur warrior
  7433 | D:9      | Noticed a two-headed ogre
  7442 | D:9      | Killed a two-headed ogre
  7442 | D:9      | Reached ** piety under Makhleb
  7443 | D:9      | Reached skill level 5 in Shields
  7443 | D:9      | Reached skill level 5 in Invocations
  7686 | D:10     | Entered Level 10 of the Dungeon
  7699 | D:10     | Found a staircase to the Lair.
  7925 | D:10     | Found a broken altar of Ashenzari.
  7976 | D:10     | Lost mutation: Your movements are slightly less encumbered
                  | by armour. (ER -2) [potion of mutation]
  7976 | D:10     | Lost mutation: You have large cloven feet. [potion of
                  | mutation]
  7976 | D:10     | Lost mutation: Your body sometimes deteriorates upon taking
                  | damage. [potion of mutation]
  7976 | D:10     | Gained mutation: You have large cloven feet. [potion of
                  | mutation]
  7976 | D:10     | Gained mutation: You tend to lose your temper in combat.
                  | [potion of mutation]
  7976 | D:10     | Gained mutation: You have very sharp fingernails. [potion
                  | of mutation]
  8051 | D:10     | Gained mutation: You are completely covered in sharp
                  | spines. [demonic ancestry]
  8051 | D:10     | Reached XP level 11. HP: 84/84 MP: 14/14
  8163 | D:10     | Reached skill level 10 in Polearms
  8714 | D:11     | Noticed a death knight
  8723 | D:10     | Reached skill level 6 in Invocations
  8750 | Lair:1   | Entered Level 1 of the Lair of Beasts
  9496 | Lair:2   | Noticed a catoblepas
  9527 | Lair:2   | Killed a catoblepas
  9600 | Lair:2   | Reached skill level 7 in Invocations
  9689 | Lair:2   | Reached *** piety under Makhleb
  9806 | Lair:2   | Found a staircase to the Snake Pit.
  9895 | Lair:2   | Reached skill level 8 in Invocations
  9896 | Lair:2   | Mutation became permanent: You have sharp fingernails.
                  | [demonic ancestry]
  9896 | Lair:2   | Gained mutation: You have very sharp fingernails. [demonic
                  | ancestry]
  9896 | Lair:2   | Reached XP level 12. HP: 84/92 MP: 18/18
 10619 | Lair:3   | Noticed a five-headed hydra
 10631 | Lair:3   | Killed a five-headed hydra
 10684 | Lair:3   | Noticed Sonja
 10698 | Lair:3   | Killed Sonja
 10699 | Lair:3   | Reached skill level 5 in Dodging
 10880 | Lair:3   | Reached skill level 9 in Invocations
 10996 | Lair:3   | Found a staircase to the Swamp.
 11180 | Lair:3   | Noticed a seven-headed hydra
 11190 | Lair:3   | Killed a seven-headed hydra
 11828 | Lair:4   | Reached **** piety under Makhleb
 11876 | Lair:4   | Noticed Snorg
 11889 | Lair:4   | Killed Snorg
 12426 | Lair:5   | Found a viscous altar of Jiyva.
 12426 | Lair:5   | Found a staircase to the Slime Pits.
 12667 | Lair:5   | Reached skill level 10 in Invocations
 13415 | Lair:6   | Entered Level 6 of the Lair of Beasts
 13415 | Lair:6   | Noticed a six-headed hydra
 13418 | Lair:6   | Noticed an eight-headed hydra
 13419 | Lair:6   | Killed a six-headed hydra
 13420 | Lair:6   | Gained mutation: When seriously injured, your blood forms
                  | thick armour. (AC +12) [demonic ancestry]
 13420 | Lair:6   | Reached XP level 13. HP: 99/101 MP: 20/20
 13573 | Lair:6   | Found a frozen archway.
 13614 | IceCv    | Entered an ice cave
 13618 | IceCv    | Reached ***** piety under Makhleb
 13619 | IceCv    | Reached skill level 11 in Invocations
 13723 | IceCv    | Reached skill level 10 in Fighting
 13735 | IceCv    | Got the Disquisition on Spatial Hexes
 14147 | IceCv    | Noticed a frost giant
 14175 | IceCv    | Killed a frost giant
 14255 | IceCv    | Identified the amulet of Onau {Faith Rampage Str+3 SInv}
 14513 | Lair:6   | Gained mutation: When seriously injured, your blood forms
                  | very thick armour. (AC +12) [demonic ancestry]
 14513 | Lair:6   | Reached XP level 14. HP: 111/111 MP: 22/22
 14518 | Lair:6   | Reached skill level 12 in Invocations
 14566 | Lair:6   | Paralysed by a hornet for 3 turns
 14862 | Lair:6   | Reached ****** piety under Makhleb
 15040 | Lair:6   | Reached skill level 13 in Invocations
 15960 | D:11     | Reached skill level 10 in Shields
 16165 | D:11     | Noticed Fannar
 16175 | D:11     | Killed Fannar
 16506 | D:11     | Noticed Harold
 16516 | D:11     | Killed Harold
 16571 | D:11     | Noticed Maurice
 16576 | D:11     | Killed Maurice
 16584 | D:11     | Found a hide-covered altar of Uskayaw.
 16989 | D:12     | Found a staircase to the Orcish Mines.
 17095 | D:12     | Identified the +0 leather armour of the Sky {Int+3}
 17340 | D:12     | Found a shimmering blue altar of Sif Muna.
 17404 | D:12     | Gained mutation: You have claws for hands. [demonic
                  | ancestry]
 17404 | D:12     | Reached XP level 15. HP: 119/119 MP: 25/25
 17558 | Orc:1    | Entered Level 1 of the Orcish Mines
 17707 | Orc:1    | Found Wygid's Book Shop.
 17745 | Orc:1    | Noticed Nergalle
 17773 | Orc:1    | Killed Nergalle
 17785 | Orc:1    | Reached skill level 14 in Invocations
 18192 | Orc:2    | Entered Level 2 of the Orcish Mines
 18654 | Orc:2    | Found a staircase to the Elven Halls.
 18930 | Orc:2    | HP: 5/120 [orc knight/+1 great sword of freezing (4)]
 19367 | Orc:2    | Found Reynia's Magic Scroll Shop.
 19371 | Orc:2    | Found Upewn's Assorted Antiques.
 19372 | Orc:2    | Found Kuntof's Weapon Shop.
 19373 | Orc:2    | Found Ibakol's Antique Weapon Shop.
 19385 | Orc:2    | Bought an emerald potion for 32 gold pieces
 19385 | Orc:2    | Bought a potion of might for 144 gold pieces
 19385 | Orc:2    | Bought a murky white potion for 32 gold pieces
 19469 | Orc:2    | Bought the +8 storm bow {elec, penet} for 873 gold pieces
 19469 | Orc:2    | Found the +8 storm bow {elec, penet}
 20219 | D:13     | Reached skill level 1 in Throwing
 20442 | D:13     | Reached skill level 1 in Bows
 21064 | D:13     | Found a bloodstained altar of Trog.
 21645 | D:14     | Noticed Agnes
 21654 | D:14     | Killed Agnes
 21838 | D:14     | Noticed Nessos
 21858 | D:14     | HP: 4/120 [Nessos/arrow (7)]
 21859 | D:14     | Killed Nessos
 22085 | D:14     | Found a portal to a secret trove of treasure.
 22284 | D:14     | Noticed Josephine
 22292 | D:14     | Killed Josephine
 22401 | D:14     | Found a gate to the Vaults.
 22945 | D:15     | Entered Level 15 of the Dungeon
 23018 | D:15     | Reached skill level 15 in Invocations
 23416 | D:15     | Reached XP level 16. HP: 95/127 MP: 27/27
 23454 | D:15     | Found a staircase to the Depths.
 23477 | D:15     | Reached skill level 5 in Bows
 23511 | D:15     | Found an iron altar of Okawaru.
 23676 | D:15     | Found a stormy altar of Qazlal.
 24123 | Swamp:1  | Entered Level 1 of the Swamp
 24414 | Swamp:1  | Identified the +2 pair of gloves of the Harvest {+Blink rN+
                  | Dex+3 Stlth+}
 24414 | Swamp:1  | Noticed Nikola
 24435 | Swamp:1  | Killed Nikola
 24477 | Swamp:1  | Identified the +11 flail of Fate {vorpal, rC++ Str+3 Dex-3
                  | SInv}
 25273 | Swamp:2  | Reached skill level 5 in Unarmed Combat
 26321 | Swamp:4  | Entered Level 4 of the Swamp
 26402 | Swamp:4  | Noticed a thorn hunter
 26492 | Swamp:3  | Reached skill level 10 in Armour
 26569 | Swamp:4  | Killed a thorn hunter
 26612 | Swamp:4  | Identified Roxanne's Compendium of Moulding
 26612 | Swamp:4  | Noticed Roxanne
 26800 | Swamp:4  | Killed Roxanne
 27049 | Swamp:4  | Reached skill level 16 in Invocations
 27060 | Swamp:4  | Reached XP level 17. HP: 58/136 MP: 3/29
 27100 | Swamp:4  | Killed from afar by a soul eater

Illustrated notes

Levels and vault maps discovered:
D:1:      onia_arrival_pyramid, layout_loops_ring
D:2:      layout_loops_ring, hellmonk_ecumenical_altar_blasted, serial_shops,
          nicolae_lakefront_shop, columned_hall_lemuel, grunt_ministairs_1,
          nicolae_wormholes, uniq_robin
D:3:      layout_basic, biasface_ghost_orc_armoury, uniq_ijyb
D:4:      nicolae_cairo_tiling_large_dashed, layout_rooms, grunt_decor_cap,
          nrook_mini_backslash, feat_on_display, uniq_sigmund
D:5:      lemuel_ice_spiral_2, layout_basic, serial_shops,
          nicolae_shop_advertising_works [nicolae_subvault_shop_adworks],
          corexii_checkpoint_a
D:6:      layout_loops_corners, serial_glass, glass_columns_b, glass_columns_c,
          kennysheep_generic_room_11, uniq_maggie
D:7:      layout_loops_ring, minmay_temple_entry_mini_moons,
          minmay_misc_feat_tower, minmay_nine_imps
D:8:      layout_cave_pools, minmay_ruffians
D:9:      layout_loops_ring, enter_bailey_7, laboratory
D:10:     layout_stronghold, lemuel_tele_altar, erik_lair_orcish_takeover,
          small_chamber_with_monster
D:11:     layout_loops_cross, nicolae_uskayaw_dance_studio, uniq_maurice,
          uniq_harold, uniq_fannar
D:12:     layout_roguey, david_orc_2, drop_trap, tgw_sif
D:13:     layout_grid_maze, bloody_trog
D:14:     layout_loops_corners, david_vaults_4, nicolae_trove_entry_columns,
          uniq_josephine, uniq_nessos, uniq_agnes
D:15:     grunt_enter_depths_snipers, layout_basic,
          nicolae_qazlal_eye_of_the_storm, grunt_decor_fettered,
          okawaru_metal_pillars_1_2
Temple:   minmay_crystal_snake_temple
Lair:1:   layout_layer_cave
Lair:2:   layout_cave_pods, guppyfry_snake_entry_island
Lair:3:   layout_small_grid, minmay_swamp_entry_worms, uniq_sonja
Lair:4:   layout_regular_city, uniq_snorg
Lair:5:   layout_cave_pods, dpeg_slime_entry_enclosed_altar, minmay_holes
Lair:6:   hangedman_lair_tendril_chambers, layout_regular_city,
          portal_ice_cave_entry_animals_and_master, grunt_megastairs_2
Swamp:1:  layout_basic_swamp, serial_swamp_ruin, evilmike_swamp_ruin_house_6,
          evilmike_swamp_ruin_house_1, swamp_pool1, nicolae_swamp_triple_paths,
          uniq_nikola
Swamp:2:  layout_falls_marsh, hangedman_swamp_ruin_wall
Swamp:3:  layout_basic_swamp, evilmike_swamp_ruin_house_2
Swamp:4:  nzn_swamp_witches_coven, layout_basic_swamp, uniq_roxanne
Orc:1:    layout_caves, serial_shops, nicolae_shop_crystal, mines3_lemuel,
          uniq_nergalle
Orc:2:    st_orc_pillars, layout_diamond_mine, nicolae_orc_crystal_geode

Skill      XL: |  1  2  3  4  5  6  7  8  9 10 11 12 13 14 15 16 |
---------------+-------------------------------------------------+-----
Axes           | 2 |  2.8
Armour         | 3 4 5 6 7 8 9 10 | 10.1
Shields        | 3 4 5 6 7 8 10 11 | 11.3
Polearms       | 1 2 3 4 6 8 9 11 12 13 14 | 14.9
Dodging        | 1 2 3 4 5 6 7 8 |  8.9
Fighting       | 4 5 6 7 8 9 10 11 12 13 | 13.2
Stealth        | 1 2 3 4 |  4.5
Invocations    | 2 5 8 10 11 13 15 16 | 16.0
Unarmed Combat | 2 4 5 |  5.2
Throwing       | 1 |  1.2
Bows           | 4 9 |  9.2
Evocations     | |  0.4

Action                   |  1- 3 |  4- 6 |  7- 9 | 10-12 | 13-15 | 16-18 || total
-------------------------+-------+-------+-------+-------+-------+-------++-------
Melee: War axe           |   114 |       |       |       |       |       ||   114
       Trident           |    22 |   150 |   271 |   568 |  1446 |   381 ||  2838
       Kick              |       |       |       |   127 |    44 |       ||   171
       Peck              |       |       |       |    91 |   297 |    48 ||   436
       Punch             |       |       |       |       |     8 |     9 ||    17
 Fire: Longbow           |       |       |       |       |    85 |   191 ||   276
Throw: Dart              |       |       |     1 |     2 |    10 |       ||    13
       Throwing net      |       |       |     1 |       |       |       ||     1
       Boomerang         |       |       |       |       |     2 |       ||     2
Invok: Greater Servant o |       |       |       |       |     2 |       ||     2
Evoke: Wand              |       |       |       |       |       |     1 ||     1
       Phial of floods   |       |       |       |       |       |     1 ||     1
  Use: Scroll            |       |     3 |     4 |    21 |     9 |     2 ||    39
       Potion            |       |       |     1 |     8 |    11 |     3 ||    23
 Stab: Distracted        |       |     1 |       |       |     2 |       ||     3
       Sleeping          |       |       |       |     3 |     7 |       ||    10
Armor: Scale mail        |    76 |    44 |       |       |       |       ||   120
       Ring mail         |       |     6 |    82 |   141 |   379 |   136 ||   744
       Skin              |       |       |       |       |    32 |       ||    32
Dodge: Dodged            |    68 |    39 |    87 |   219 |   592 |   214 ||  1219
Block: Buckler           |    29 |    26 |    43 |   111 |   415 |       ||   624
